 Dungeon Crawl Stone Soup version 0.22.1-1-ga44c0e5 (webtiles) character file.

22904 Lilu the Destroyer (level 12, -3/75 HPs)
             Began as a Deep Elf Conjurer on Nov 11, 2018.
             Was a High Priest of Vehumet.
             Shot with an arrow by a centaur warrior (15 damage)
             ... on level 15 of the Dungeon.
             The game lasted 01:30:25 (18096 turns).

Lilu the Destroyer (Deep Elf Conjurer)             Turns: 18096, Time: 01:30:26

Health: -3/75      AC:  7    Str:  5    XL:     12   Next: 67%
Magic:  3/30       EV: 25    Int: 26    God:    Vehumet [*****.]
Gold:   732        SH:  0    Dex: 20    Spells: 11/35 levels left

rFire    + . .     SeeInvis .   W - +6 demon trident
rCold    . . .     Gourm    .   (no shield)
rNeg     . . .     Faith    +   o - +2 robe {Archmagi}
rPois    +         Spirit   .   r - +0 helmet
rElec    .         Reflect  .   R - +1 cloak
rCorr    .         Harm     .   (no gloves)
MR       +....                  (no boots)
Stlth    +++.......             s - amulet of faith
HPRegen  0.22/turn              Q - ring of protection from fire
MPRegen  0.22/turn              m - ring of poison resistance

@: agile
A: no striking features
a: Renounce Religion


You were on level 15 of the Dungeon.
You worshipped Vehumet.
Vehumet was extremely pleased with you.
You were hungry.

You visited 2 branches of the dungeon, and saw 15 of its levels.
You also visited: Sewer and Bailey.

You collected 732 gold pieces.

Inventory:

Hand Weapons
 V - a +0 blowgun
 W - a +6 demon trident (weapon)
 Y - the +2 dagger "Egapuuw" {venom, +Rage rF+++ MR- Int-3}
   (You found it on level 11 of the Dungeon)

   It poisons the flesh of those it strikes.
   It affects your intelligence (-3).
   It renders you almost immune to fire.
   It affects your resistance to hostile enchantments.
   It lets you go berserk.
Missiles
 j - 13 curare-tipped needles
 X - 4 javelins of penetration (quivered)
Armour
 o - a +2 robe of the Archmagi (worn)
 r - a +0 helmet (worn)
 x - a +0 troll leather armour
 z - a +0 shield
 P - a +1 robe of cold resistance
 R - a +1 cloak (worn)
Magical Staves
 G - an uncursed staff of wizardry
Jewellery
 m - a ring of poison resistance (right hand)
 s - an amulet of faith (around neck)
 I - an uncursed ring of ice
 Q - a ring of protection from fire (left hand)
Wands
 w - a wand of enslavement (29)
 A - a wand of flame (58)
Scrolls
 e - 10 scrolls of teleportation
 f - 9 scrolls of remove curse
 h - 5 scrolls of enchant armour
 i - a scroll of torment {unknown}
 k - 4 scrolls of magic mapping
 l - 2 scrolls of enchant weapon {unknown}
 n - 3 scrolls of immolation
 t - 2 scrolls of identify
 F - 2 scrolls of amnesia {unknown}
 J - 2 scrolls of fear {unknown}
 O - 2 scrolls of random uselessness {unknown}
 U - a scroll of summoning {unknown}
Potions
 a - a potion of heal wounds {unknown}
 b - 2 potions of ambrosia
 d - 3 potions of mutation
 g - 2 potions of lignification
 p - a potion of flight {unknown}
 q - 7 potions of curing
 u - a potion of agility
 v - a potion of haste {unknown}
 H - 2 potions of resistance {unknown}
 L - a potion of brilliance {unknown}
 N - 2 potions of berserk rage {unknown}
Comestibles
 c - 22 rations
 B - 5 chunks of flesh


   Skills:
 + Level 8.4 Fighting
 - Level 10.0 Dodging
 - Level 2.4 Stealth
 + Level 2.2 Shields
 - Level 12.0 Spellcasting
 + Level 13.4 Conjurations
 - Level 2.0 Hexes
 + Level 8.4 Fire Magic


You had 11 spell levels left.
You knew the following spells:

 Your Spells              Type           Power        Failure   Level  Hunger
a - Magic Dart            Conj           ####         0%          1    None
b - Searing Ray           Conj           ######       0%          2    None
c - Dazzling Spray        Conj/Hex       ######       1%          3    None
d - Fulminant Prism       Conj/Hex       ######....   1%          4    None
e - Fireball              Conj/Fire      #######...   1%          5    ###....
f - Conjure Flame         Conj/Fire      #######.     1%          3    None
g - Bolt of Fire          Conj/Fire      #######...   1%          6    #####..

Your spell library contained the following spells:

 Spells                   Type           Power        Failure   Level  Hunger
 Flame Tongue             Conj/Fire      #####        1%          1    None
 Throw Flame              Conj/Fire      ######       1%          2    None
 Inner Flame              Hex/Fire       ######..     1%          3    None
 Mephitic Cloud           Conj/Pois/Air  ######..     1%          3    None
 Force Lance              Conj/Tloc      ######..     1%          4    None
 Iskenderun's Mystic Bla  Conj           #######.     1%          4    None
 Sticky Flame             Conj/Fire      #######.     1%          4    None
 Animate Skeleton         Necr           N/A          3%          1    None
 Summon Small Mammal      Summ           ###.         3%          1    None
 Call Imp                 Summ           ###.....     5%          2    None
 Corpse Rot               Necr           N/A          5%          2    None
 Poisonous Vapours        Pois/Air       ###...       5%          2    None
 Summon Guardian Golem    Hex/Summ       ####....     8%          3    None
 Call Canine Familiar     Summ           ###.....     11%         3    None
 Freezing Cloud           Conj/Ice/Air   ######....   24%         6    #####..
 Summon Ice Beast         Ice/Summ       ###.....     36%         4    None
 Summon Lightning Spire   Summ/Air       ###.....     36%         4    None
 Ring of Flames           Chrm/Fire      ######....   99%         7    ######.


Dungeon Overview and Level Annotations

Branches:
Dungeon (13/15)            Temple (1/1) D:4            Lair (0/6) D:9
    Orc (0/2) D:10
 Vaults: D:13-14

Altars:
Ashenzari
Cheibriados
Dithmenos
Fedhas
Gozag
Hepliaklqana
Kikubaaqudgha
Makhleb
Okawaru
Qazlal
Ru
Sif Muna
Uskayaw
Vehumet
Wu Jian
The Shining One
Beogh

Shops:
D:7 (


Message History

You feel better.
The death knight offers itself to Yredelemnul, and fills with unholy energy.
Okay, then.
You feel agile all of a sudden. The death knight completely misses you.
Casting: Conjure Flame (safe; 1% risk of failure)
Confirm with . or Enter, or press ? or * to list all spells.
Aiming: Bolt of Fire (safe; 1% risk of failure)
Press: ? - help, Shift-Dir - straight line, f - death knight
Aim: a death knight, wielding a halberd and wearing a plate armour (severely You feel a surge of power!
The bolt of fire hits the death knight.
You kill the death knight!
Vehumet accepts your kill.
You feel your power returning.
The bolt of fire hits the centaur warrior.
The centaur warrior is severely wounded.
Your damage is reflected back at you!
* * * LOW HITPOINT WARNING * * *
The centaur warrior shoots an arrow.
The arrow hits you!
You die...

#.#.###
#.#...##
#......#
#.WWW.W##
##....p..#
#(##...##..
##c#####
##§## ##@#
##§# T# .#
.. .. ...
.#.


You could see a centaur warrior and a troll.

Vanquished Creatures
  Josephine (D:12)
  Fannar (D:11)
  Erica (D:8)
  A death knight (D:15)
  2 centaur warriors
  A two-headed ogre (D:9)
  Urug (D:10)
  Sonja (D:10)
  An unseen horror (D:11)
  A wolf spider zombie (D:13)
  Pikel (D:4)
  5 ugly things
  A cyclops (D:12)
  Psyche (D:10)
  A centaur zombie (D:15)
  An ice statue (D:10)
  4 centaur skeletons
  A queen bee (D:10)
  4 trolls
  2 slime creatures
  Prince Ribbit (D:9)
  A meliai zombie (D:7)
  3 wyverns
  6 wraiths
  3 yaks (D:12)
  A hungry ghost (D:10)
  Grum (D:8)
  7 vampire mosquitoes (D:12)
  A water moccasin (D:7)
  A slave (Temple)
  Purgy (Sewer)
  5 orc warriors
  2 sky beasts
  2 black bears (D:9)
  3 ice beasts
  2 phantoms
  2 necrophages
  2 wolves (D:8)
  14 centaurs
  5 ogres
  A crocodile (D:11)
  A big kobold (D:10)
  6 bullfrogs
  3 scorpions
  5 wights (D:11)
  24 killer bees
  8 howler monkeys
  5 crimson imps
  2 bullfrog zombies (D:12)
  2 quasits
  8 hounds
  4 orc priests
  5 orc wizards
  4 iguanas
  9 worker ants
  Natasha (thrice) (D:3)
  A killer bee zombie (D:10)
  A hound zombie (D:8)
  2 hound skeletons
  Robin (D:2)
  12 adders
  13 gnolls
  A river rat (D:5)
  2 shadow imps
  An ooze (D:1)
  An adder zombie (D:6)
  3 worms
  3 dart slugs
  6 leopard geckos
  40 orcs
  2 ball pythons
  6 giant cockroaches
  17 goblins
  10 hobgoblins
  2 jackals (D:1)
  38 kobolds
  2 quokkas
  7 bats
  5 frilled lizards
  A jackal zombie (D:6)
  A leopard gecko skeleton (D:4)
  6 rats
369 creatures vanquished.

Vanquished Creatures (others)
  An orc (D:11)
  23 fulminant prisms
24 creatures vanquished.

Grand Total: 393 creatures vanquished

Notes
Turn   | Place    | Note
-------+----------+-------------------------------------------
     0 | D:1      | Lilu the Deep Elf Conjurer began the quest for the Orb.
     0 | D:1      | Reached XP level 1. HP: 10/10 MP: 6/6
   257 | D:1      | Reached XP level 2. HP: 15/15 MP: 1/8
   823 | D:1      | Reached XP level 3. HP: 19/19 MP: 7/10
  1307 | D:2      | Noticed Robin
  1360 | D:1      | Learned a level 2 spell: Searing Ray
  1406 | D:2      | Killed Robin
  1406 | D:2      | Reached skill level 5 in Conjurations
  1456 | D:2      | Reached XP level 4. HP: 17/24 MP: 7/12
  1895 | D:2      | Found a deep blue altar of Sif Muna.
  1896 | D:2      | Found a shattered altar of Ashenzari.
  2421 | D:3      | Noticed Natasha
  2434 | D:3      | Killed Natasha
  2434 | D:3      | Reached XP level 5. HP: 28/28 MP: 10/14
  2434 | D:3      | Noticed Natasha
  2446 | D:3      | Killed Natasha
  2446 | D:3      | Reached skill level 5 in Spellcasting
  2471 | D:3      | Noticed Natasha
  2484 | D:3      | Killed Natasha
  2791 | D:3      | Reached skill level 6 in Conjurations
  2876 | D:3      | Found a faded altar of an unknown god.
  3054 | D:3      | Learned a level 3 spell: Dazzling Spray
  3159 | D:4      | Noticed a slave
  3159 | D:4      | Noticed a slave
  3159 | D:4      | Noticed a slave
  3160 | D:4      | Noticed Pikel
  3349 | D:4      | Noticed a slave
  3554 | D:4      | Reached XP level 6. HP: 32/32 MP: 12/16
  4061 | D:4      | Found a staircase to the Ecumenical Temple.
  4165 | Temple   | Entered the Ecumenical Temple
  4180 | Temple   | Killed a slave
  4197 | Temple   | Became a worshipper of Vehumet
  4725 | D:5      | Entered Level 5 of the Dungeon
  4870 | D:5      | Reached XP level 7. HP: 36/36 MP: 13/18
  4872 | D:5      | Found a glowing drain.
  4904 | Sewer    | Entered a sewer
  4916 | Sewer    | Noticed Purgy
  4927 | Sewer    | Killed Purgy
  4927 | Sewer    | Reached skill level 5 in Dodging
  4927 | Sewer    | Reached skill level 7 in Conjurations
  5259 | D:5      | Found a shadowy altar of Dithmenos.
  5365 | D:5      | Found a burning altar of Makhleb.
  6341 | D:6      | Reached skill level 1 in Fighting
  6571 | D:6      | Reached skill level 8 in Conjurations
  6676 | D:6      | Found a blossoming altar of Fedhas.
  6777 | D:6      | Reached XP level 8. HP: 43/43 MP: 13/20
  7008 | D:7      | Identified Qujuaxon's Collected Works on the Dark Entourage
  7117 | D:7      | Found a flagged portal.
  7125 | D:7      | Reached * piety under Vehumet
  7125 | D:7      | Offered knowledge of Sting by Vehumet.
  7173 | Bailey   | Entered a bailey
  7239 | Bailey   | Learned a level 4 spell: Fulminant Prism
  7326 | Bailey   | Noticed an orc knight
  7395 | D:7      | Reached skill level 1 in Hexes
  7410 | D:7      | Learned a level 5 spell: Fireball
  7414 | D:7      | Learned a level 3 spell: Conjure Flame
  7605 | D:7      | Reached skill level 1 in Fire Magic
  7868 | D:7      | Found an opulent altar of Gozag.
  8041 | D:7      | Found Ewaant's Antique Weapon Boutique.
  8257 | D:7      | Reached skill level 9 in Conjurations
  9245 | D:4      | Killed Pikel
  9245 | D:4      | Reached XP level 9. HP: 51/51 MP: 17/23
  9611 | D:8      | Got a wizard robe
  9630 | D:8      | Identified the +2 robe of the Lair of Beasts {rF+} (You
                  | found it on level 8 of the Dungeon)
  9708 | D:8      | Noticed Erica
  9850 | D:8      | Killed Erica
  9850 | D:8      | Reached skill level 10 in Conjurations
  9922 | D:8      | Noticed Grum
 10242 | D:8      | Killed Grum
 10440 | D:9      | Noticed a two-headed ogre
 10447 | D:8      | Reached XP level 10. HP: 52/58 MP: 18/24
 10934 | D:9      | Offered knowledge of Freeze by Vehumet.
 10934 | D:9      | Reached ** piety under Vehumet
 11280 | D:9      | Reached skill level 5 in Fighting
 11359 | D:9      | Found a staircase to the Lair.
 11407 | D:9      | Noticed a centaur warrior
 11478 | D:9      | Noticed Prince Ribbit
 11499 | D:9      | Killed Prince Ribbit
 11504 | D:9      | Killed a centaur warrior
 11504 | D:9      | Reached skill level 11 in Conjurations
 11504 | D:9      | Reached skill level 5 in Fire Magic
 11693 | D:9      | Killed a two-headed ogre
 12086 | D:10     | Entered Level 10 of the Dungeon
 12154 | D:10     | Noticed an ice statue
 12365 | D:10     | Offered knowledge of Throw Frost by Vehumet.
 12617 | D:10     | Noticed Urug
 12650 | D:10     | Reached *** piety under Vehumet
 12723 | D:11     | Reached XP level 11. HP: 59/64 MP: 8/26
 12759 | D:10     | Killed Urug
 12759 | D:10     | Reached skill level 12 in Conjurations
 12911 | D:10     | Offered knowledge of Olgreb's Toxic Radiance by Vehumet.
 13310 | D:10     | Reached skill level 10 in Spellcasting
 13767 | D:10     | Noticed Sonja
 13924 | D:9      | Reached **** piety under Vehumet
 14026 | D:10     | Offered knowledge of Throw Icicle by Vehumet.
 14116 | D:10     | Found a staircase to the Orcish Mines.
 14127 | D:10     | Noticed Psyche
 14141 | D:10     | Killed Psyche
 14199 | D:10     | Killed Sonja
 14199 | D:10     | Reached skill level 10 in Dodging
 14221 | D:10     | Found a roughly hewn altar of Beogh.
 14697 | D:11     | Noticed Fannar
 15081 | D:11     | Got a bloodstained dagger
 15082 | D:11     | Identified the cursed +2 dagger "Egapuuw" {venom, +Rage
                  | rF+++ MR- Int-3} (You found it on level 11 of the Dungeon)
 15319 | D:11     | Killed Fannar
 15494 | D:11     | Noticed a purple ugly thing
 15509 | D:11     | Killed a purple ugly thing
 15644 | D:11     | Noticed a red ugly thing
 15650 | D:11     | Killed a red ugly thing
 15659 | D:11     | Reached ***** piety under Vehumet
 15833 | D:11     | Killed an unseen horror
 16102 | D:12     | Noticed a purple ugly thing
 16111 | D:12     | Killed a purple ugly thing
 16111 | D:12     | Offered knowledge of Bolt of Fire by Vehumet.
 16119 | D:12     | Reached XP level 12. HP: 63/72 MP: 18/29
 16581 | D:12     | Learned a level 6 spell: Bolt of Fire
 16921 | D:12     | Noticed Josephine
 16929 | D:12     | Killed Josephine
 16929 | D:12     | Reached skill level 13 in Conjurations
 17531 | D:12     | Reached skill level 1 in Shields
 17874 | D:13     | Noticed a seven-headed hydra
 17972 | D:13     | Noticed a centaur warrior
 17975 | D:13     | Killed a centaur warrior
 18072 | D:13     | You fall through a shaft for 2 floors!
 18072 | D:15     | Entered Level 15 of the Dungeon
 18072 | D:15     | Noticed a death knight
 18072 | D:15     | Noticed a centaur warrior
 18096 | D:15     | Killed a death knight
 18096 | D:15     | Shot with an arrow by a centaur warrior

Skill      XL: |  1  2  3  4  5  6  7  8  9 10 11 12 |
---------------+-------------------------------------+-----
Dodging        | 3 4 5 7 8 9 10 | 10.0
Spellcasting   | 4 5 6 7 8 9 11 12 | 12.0
Conjurations   | 5 6 8 9 10 11 12 13 | 13.4
Fighting       | 1 3 4 5 7 8 |  8.4
Hexes          | 1 2 |  2.0
Fire Magic     | 3 4 6 8 |  8.4
Shields        | 2 |  2.2
Stealth        | |  2.4

Action                   |  1- 3 |  4- 6 |  7- 9 | 10-12 || total
-------------------------+-------+-------+-------+-------++-------
Melee: Dagger            |     7 |       |       |       ||     7
       Spear             |       |     5 |       |       ||     5
       Staff             |       |       |     5 |     4 ||     9
       Flail             |       |       |     1 |     6 ||     7
       Demon trident     |       |       |       |    40 ||    40
 Fire: Hunting sling     |     4 |     3 |       |       ||     7
       Blowgun           |       |       |     4 |     3 ||     7
Throw: Tomahawk          |    11 |     3 |       |     5 ||    19
 Cast: Magic Dart        |    73 |    84 |   136 |   166 ||   459
       Searing Ray       |     1 |    27 |    45 |    75 ||   148
       Conjure Flame     |       |       |    10 |    24 ||    34
       Fireball          |       |       |       |    55 ||    55
       Fulminant Prism   |       |       |       |    24 ||    24
       Bolt of Fire      |       |       |       |    11 ||    11
  Use: Scroll            |       |       |       |    11 ||    11
       Potion            |       |       |       |     2 ||     2
  Eat: Chunk             |     1 |     8 |    13 |    20 ||    42
       Ration            |       |     1 |     1 |     4 ||     6
Armor: Robe              |     3 |     1 |     1 |    39 ||    44
       Leather armour    |       |     5 |    21 |       ||    26
Dodge: Dodged            |    14 |    44 |   111 |   265 ||   434
